 Dungeon Crawl Stone Soup version 0.26-a0-110-g95b6527cb0 (webtiles) character file.

Game seed: 4576187315739849966

709 Gargoyl the Skirmisher (level 7, 0/60 HPs)
             Began as a Centaur Abyssal Knight on June 23, 2020.
             Was a Priest of Lugonu.
             Slain by a gnoll sergeant
             ... wielding a +0 trident
              (3 damage)
             ... on level 5 of the Dungeon.
             The game lasted 00:06:44 (5599 turns).

Gargoyl the Skirmisher (Centaur Abyssal Knight)     Turns: 5599, Time: 00:06:45

Health: 0/60       AC: 10    Str: 15    XL:     7   Next: 40%
Magic:  10/10      EV:  8    Int: 11    God:    Lugonu [***...]
Gold:   352        SH:  3    Dex: 10    Spells: 6/6 levels left

rFire    . . .     SeeInvis .   u - +1 hand axe (vamp)
rCold    . . .     Faith    .   t - +0 buckler
rNeg     . . .     Spirit   .   g - +2 ring mail {rPois}
rPois    +         Reflect  .   (no helmet)
rElec    .         Harm     .   d - +1 cloak
rCorr    .                      (no gloves)
MR       .....                  (no barding)
Stlth    ..........             (no amulet)
HPRegen  0.20/turn              (no ring)
MPRegen  0.12/turn              (no ring)

@: very quick
A: large, hooves 3, deformed body, speed 2, tough skin 3
a: Depart the Abyss, Bend Space, Banish, Renounce Religion


You were on level 5 of the Dungeon.
You worshipped Lugonu.
Lugonu was most pleased with you.
You were hungry.

You visited 1 branch of the dungeon, and saw 5 of its levels.
You visited the Abyss 1 time.

You collected 352 gold pieces.

Inventory:

Hand Weapons
 a - a +1 hand axe
 u - a +1 vampiric hand axe (weapon)
Missiles
 b - 8 boomerangs (quivered)
Armour
 d - a +1 cloak (worn)
 g - a +2 ring mail of poison resistance (worn)
 t - a +0 buckler (worn)
Jewellery
 x - an uncursed ring of magical power {unknown}
Wands
 n - a wand of enslavement (7)
Scrolls
 e - 2 scrolls of remove curse
 i - 9 scrolls of teleportation
 p - a scroll of identify
 q - 3 scrolls of magic mapping
 v - a scroll of blinking {unknown}
Potions
 h - a potion of heal wounds {unknown}
 j - a potion of might {unknown}
 m - a potion of flight {unknown}
 o - a potion of brilliance {unknown}
 r - a potion of ambrosia {unknown}
 z - a potion of stabbing {unknown}
 A - a potion of resistance {unknown}
Comestibles
 c - 15 rations


   Skills:
 + Level 4.3 Fighting
 + Level 3.9 Axes
 + Level 0.2 Throwing
 * Level 3.5 Armour
 * Level 2.3 Dodging
 + Level 0.1 Shields
 * Level 4.0 Invocations


You had 6 spell levels left.
You didn't know any spells.
Your spell library was empty.

Dungeon Overview and Level Annotations

Branches:
Dungeon (5/15)
 Temple: D:4-7

Altars:
Uskayaw
Zin


Innate Abilities, Weirdness & Mutations

You have hooves in place of feet.
Armour fits poorly on your strangely shaped body.
You cover ground very quickly.
You have extremely tough skin. (AC +3)


Message History

You barely miss the gnoll sergeant.
The gnoll sergeant is heavily wounded.
You hit the gnoll.
You feel better.
You kill the gnoll!
Lugonu accepts your kill.
The gnoll hits you but does no damage. x2
The gnoll sergeant hits you with a +0 trident.
* * * LOW HITPOINT WARNING * * *
The gnoll barely misses you.
It was a potion of cancellation.
Your magical effects are unravelling.
You feel magically purged.
You feel less wooden.
Your +1 cloak unmelds from your body.
Your +2 ring mail of poison resistance unmelds from your body.
You feel resistant to poison.
The gnoll hits you from afar with a +0 halberd!
* * * LOW HITPOINT WARNING * * *
The gnoll sergeant hits you with a +0 trident.
You die...

......#..........###....#........
.....#####......###.....###......
.....# ##.....#........###.....
....(# ##..............###....
.....# #......##........#....
##...## #......####..........#
###...# ##......## ##.......###
#...## #....[)..# ###....##
##...####..#..@g.# ##..##
#....##...##..).#######..# #
##........###gg..##...#..#
#####........#.....###.#...##
........####.......##'.#...#
.......###.........###≈#..##
##.................# #≈#..# #
###...............###≈#..# ###
###...............##'.#..#####..


You could see a gnoll sergeant and 2 gnolls.

Vanquished Creatures
  A phantom (D:5)
  3 scorpions (D:5)
  4 hounds
  2 orc wizards
  An iguana (D:4)
  A worker ant (D:4)
  3 gnolls (D:5)
  5 adders
  3 adder skeletons (D:4)
  3 worms
  A dart slug (D:1)
  3 leopard geckos
  24 orcs
  A ball python (D:3)
  5 giant cockroaches
  12 hobgoblins
  21 jackals
  8 kobolds
  A quokka (D:3)
  12 bats
  6 frilled lizards
  6 rats
126 creatures vanquished.

Notes
Turn   | Place    | Note
-------+----------+-------------------------------------------
     0 | Abyss:1  | Gargoyl the Centaur Abyssal Knight began the quest for the
                  | Orb.
     0 | Abyss:1  | Reached XP level 1. HP: 19/19 MP: 2/2
    57 | Abyss:2  | Found a corrupted altar of Lugonu.
    89 | Abyss:2  | Noticed a large abomination
   100 | Abyss:3  | Noticed an iron imp
   194 | Abyss:4  | Noticed a chaos spawn
   196 | Abyss:4  | Noticed a thrashing horror
   197 | Abyss:4  | Noticed a thrashing horror
   199 | D:1      | Escaped the Abyss
   541 | D:1      | Reached * piety under Lugonu
   547 | D:1      | Reached XP level 2. HP: 24/26 MP: 3/3
   648 | D:1      | Reached skill level 1 in Dodging
   772 | D:1      | Reached XP level 3. HP: 31/31 MP: 4/4
  1645 | D:2      | Reached ** piety under Lugonu
  1896 | D:2      | Reached XP level 4. HP: 36/38 MP: 5/5
  2713 | D:3      | Reached *** piety under Lugonu
  2890 | D:3      | Found a glowing silver altar of Zin.
  2890 | D:3      | Noticed an angel
  2929 | D:4      | Reached XP level 5. HP: 44/45 MP: 7/7
  3373 | D:4      | Found a hide-covered altar of Uskayaw.
  3417 | D:4      | Reached XP level 6. HP: 45/52 MP: 8/8
  3776 | D:5      | Entered Level 5 of the Dungeon
  4661 | D:5      | Reached XP level 7. HP: 59/59 MP: 9/9
  5044 | D:5      | HP: 3/60 [gnoll sergeant/+0 trident (4)]
  5599 | D:5      | HP: 3/60 [gnoll/+0 halberd (10)]
  5599 | D:5      | Slain by a gnoll sergeant

Illustrated notes

Levels and vault maps discovered:
D:1:      dpeg_arrival_pits, layout_loops_corners
D:2:      layout_loops_ring
D:3:      layout_rooms, zin_angel
D:4:      layout_basic, kennysheep_mini_moat, first_ration
D:5:      layout_layer_cave, corexii_corridor_pit, corexii_shack,
          cheibrodos_gnoll_hut

Skill      XL: |  1  2  3  4  5  6  7 |
---------------+----------------------+-----
Axes           | 2 3 |  3.9
Dodging        | 1 2 |  2.3
Armour         | 2 3 |  3.5
Invocations    | 3 4 |  4.0
Fighting       | 4 |  4.3
Throwing       | |  0.2
Shields        | |  0.1

Action                   |  1- 3 |  4- 6 |  7- 9 || total
-------------------------+-------+-------+-------++-------
Melee: Hand axe          |   125 |   244 |    39 ||   408
       Kick              |    20 |    55 |    10 ||    85
Throw: Boomerang         |       |     6 |       ||     6
Invok: Depart the Abyss  |     1 |       |       ||     1
  Use: Scroll            |     4 |     4 |     1 ||     9
       Potion            |     1 |       |     3 ||     4
  Eat: Chunk             |     2 |     7 |     3 ||    12
Armor: Ring mail         |    72 |   199 |    23 ||   294
       Skin              |       |       |    10 ||    10
Dodge: Dodged            |    62 |   136 |    42 ||   240
Block: Buckler           |       |    15 |     8 ||    23

Table legend:
 A = Non-vault XP
 B = Vault XP
 C = Vault XP percentage of total XP
 D = Non-vault monster count
 E = Vault monster count
 F = Vault count percentage of total count
                 A         B        C        D         E       F
            +---------+---------+-------+---------+---------+-------
      Total |     909 |     104 |  10.3 |     122 |       4 |   3.2
            +---------+---------+-------+---------+---------+-------
        D:1 |      68 |       0 |   0.0 |      38 |       0 |   0.0
        D:2 |      55 |       0 |   0.0 |      18 |       0 |   0.0
        D:3 |      61 |       0 |   0.0 |      27 |       0 |   0.0
        D:4 |     292 |       0 |   0.0 |      25 |       0 |   0.0
        D:5 |     433 |     104 |  19.4 |      14 |       4 |  22.2
            +---------+---------+-------+---------+---------+-------
